 Seeded DCSS version 0.30.1-11-g7821555f0a (webtiles) character file.

Game seed: 430007637681659361 (custom seed)

59 mattiecakes the Shield-Bearer (level 4, -4/37 HPs)
             Began as a Formicid Fighter on Nov 10, 2023.
             Killed from afar by Terence (8 damage)
             ... with a puff of flame
             ... on level 2 of the Dungeon.
             The game lasted 00:03:11 (1017 turns).

mattiecakes the Shield-Bearer (Formicid Fighter)    Turns: 1017, Time: 00:03:12

Health: -4/37      AC:  7    Str: 23    XL:     4   Next: 22%
Magic:  4/4        EV:  9    Int:  7    God:
Gold:   50         SH:  5    Dex: 13    Spells: 3/3 levels left

rFire   . . .        g - +3 war axe
rCold   . . .        c - +0 buckler
rNeg    . . .        b - +0 scale mail
rPois   .            (helmet unavailable)
rElec   .            (no cloak)
rCorr   .            (no gloves)
SInv    +            (no boots)
Will    .....        (no amulet) Stlth
                     j - ring of flight
HPRegen 0.26/turn    (no ring)
MPRegen 0.09/turn

%: no passive effects
@: mighty, flying
A: permanent stasis, dig shafts and tunnels, antennae 3, four strong arms
a: Dig, Shaft Self


You were on level 2 of the Dungeon.
You visited 1 branch of the dungeon, and saw 2 of its levels.

You collected 50 gold pieces.

Inventory:

Hand Weapons
 g - a +3 war axe (weapon)
Armour
 b - a +0 scale mail (worn)
 c - a +0 buckler (worn)
Jewellery
 j - a ring of flight (left hand)
Scrolls
 e - a scroll of noise
 f - 3 scrolls of acquirement {unknown}
 h - a scroll of identify {unknown}
 i - a scroll of fear {unknown}
 k - a scroll of brand weapon {unknown}
Potions
 a - a potion of curing {unknown}
 l - a potion of cancellation {unknown}
 m - a potion of ambrosia {unknown}


   Skills:
 + Level 3.8 Fighting
 + Level 2.9 Axes
 + Level 3.9 Armour
 + Level 0.1 Dodging
 + Level 4.3 Shields


You had 3 spell levels left.
You didn't know any spells.
Your spell library contained the following spells:

 Spells                   Type           Power      Damage    Failure   Level
 Sandblast                Erth           0%         2d4       80%         1
 Passwall                 Tmut/Erth      0%         N/A       91%         2
 Stone Arrow              Conj/Erth      0%         3d7       99%         3


Dungeon Overview and Level Annotations

Branches:
Dungeon (2/15)

Altars:

Annotations:
D:2 Terence


Innate Abilities, Weirdness & Mutations

You cannot be hasted, slowed, berserked, paralysed or teleported.
You can dig through walls and to a lower floor.
You have a pair of large antennae on your head. (SInv)
Your four strong arms can wield two-handed weapons with a shield.


Message History

Terence shouts!
The adder hisses angrily.
Terence zaps a wand.
The puff of flame misses you.
There is a stone staircase leading down here.
You feel very mighty all of a sudden. The adder completely misses you.
You miss the adder. The adder barely misses you. x2
You hit the adder.
The adder is severely wounded.
The adder bites you but does no damage. The adder closely misses you.
You closely miss the adder.
The adder is severely wounded.
Terence asks, "Do you want it fast or slow?"
The adder closely misses you. You block the adder's attack.
You miss the adder.
The adder is severely wounded.
You completely miss Terence. The adder bites you but does no damage.
Terence zaps a wand.
The puff of flame hits you!
You miss the adder.
The adder is severely wounded.
You slash Terence! The adder barely misses you. Terence barely misses you.
You block the adder's attack.
You slash the adder!
You kill the adder!
You hit Terence but do no damage.
Terence zaps a wand.
The puff of flame hits you but does no damage.
Terence hits you with a +0 hand axe of electrocution.
You are electrocuted!
* * * LOW HITPOINT WARNING * * *
Unknown command.
You slash Terence!
Terence is severely wounded.
Terence hits you with a +0 hand axe of electrocution.
* * * LOW HITPOINT WARNING * * *
Unknown command.
You barely miss Terence.
Terence is severely wounded.
Terence hits you with a +0 hand axe of electrocution.
* * * LOW HITPOINT WARNING * * *
Terence zaps a wand.
The puff of flame hits you!
You die...

####
#####.@##
#....@>.#
#####.#####.#
##....<# #.#
####.†#####
#.#
####....##
#.# .....####
#(# .#####
#.. ## ....
.....


You could see Terence.

Vanquished Creatures
  2 adders (D:2)
  A dart slug (D:1)
  2 endoplasms
  4 giant cockroaches
  2 goblins (D:1)
  5 hobgoblins
  3 quokkas
  7 ball pythons
  6 bats (D:1)
  A frilled lizard (D:1)
  A kobold (D:1)
  4 rats (D:1)
38 creatures vanquished.

Notes
Turn   | Place    | Note
-------+----------+-------------------------------------------
     0 | D:1      | mattiecakes the Formicid Fighter began the quest for the
                  | Orb.
     0 | D:1      | Reached XP level 1. HP: 18/18 MP: 1/1
   122 | D:1      | Reached XP level 2. HP: 16/24 MP: 2/2
   436 | D:1      | Reached XP level 3. HP: 22/29 MP: 3/3
   947 | D:2      | Reached XP level 4. HP: 37/37 MP: 4/4
  1001 | D:2      | Noticed Terence
  1017 | D:2      | Killed from afar by Terence

Illustrated notes

Levels and vault maps discovered:
D:1:      wander_arrival_chamber, layout_basic, kennysheep_boxes
D:2:      layout_rooms, dilly_ecumenical_altar_fadedgnrine, basic_altar,
          uniq_terence

Action                     |  1- 3 |  4- 6 || total
---------------------------+-------+-------++-------
  Melee: War axe           |    75 |     9 ||    84
    Use: Scroll            |     2 |       ||     2
         Potion            |       |     1 ||     1
 Armour: Scale mail        |    41 |     4 ||    45
  Dodge: Dodged            |    34 |     8 ||    42
  Block: Buckler           |    21 |     2 ||    23
